 Dungeon Crawl Stone Soup version 0.27.0-1-g7a089689b8 (webtiles) character file.

Game seed: 7321025216022821557

21203 SnakkuSnakku7 the Bludgeoner (level 12, -1/97 HPs)
             Began as a Demonspawn Berserker on Aug 11, 2021.
             Was the Champion of Trog.
             Slain by a komodo dragon (13 damage)
             ... on level 13 of the Dungeon.
             The game lasted 00:16:39 (10322 turns).

SnakkuSnakku7 the Bludgeoner (DsBe)                Turns: 10322, Time: 00:16:40

Health: -1/97      AC: 17    Str: 21    XL:     12   Next: 52%
Magic:  12/12      EV: 10    Int: 11    God:    Trog [******]
Gold:   862        SH:  0    Dex: 18    Spells: 11/11 levels left

rFire    + . .     SeeInvis .   a - +1 great mace (flame)
rCold    . . .     Faith    .   (shield currently unavailable)
rNeg     . . .     Spirit   .   x - +2 scale mail {rF+}
rPois    +         Reflect  .   (no helmet)
rElec    .         Harm     .   (no cloak)
rCorr    .         Rampage  .   b - +2 pair of gloves
Will     .....                  G - +0 pair of boots
Stlth    ..........             (no amulet)
HPRegen  0.26/turn              g - +6 ring of dexterity
MPRegen  0.13/turn              i - ring of poison resistance

@: about to teleport, on berserk cooldown
A: hooves 2, icy blue scales 2, powered by death 3
a: Renounce Religion, Berserk, Trog's Hand, Brothers in Arms


You were on level 13 of the Dungeon.
You worshipped Trog.
Trog was exalted by your worship.
You visited 1 branch of the dungeon, and saw 13 of its levels.
You also visited: Ossuary.

You collected 862 gold pieces.

Inventory:

Hand Weapons
 a - a +1 great mace of flaming (weapon)
 m - a +1 whip of electrocution
 O - a +1 vorpal flail
Missiles
 M - 5 curare-tipped darts (quivered)
Armour
 b - a +2 pair of gloves (worn)
 x - a +2 scale mail of fire resistance (worn)
 G - a +0 pair of boots (worn)
Jewellery
 g - a +6 ring of dexterity (left hand)
 i - a ring of poison resistance (right hand)
 L - a +6 ring of dexterity
 N - a ring of ice
Wands
 l - a wand of polymorph (3)
 w - a wand of flame (14)
 B - a wand of acid (6)
 C - a wand of paralysis (16)
 D - a wand of iceblast (7)
Scrolls
 h - 4 scrolls of teleportation
 j - a scroll of enchant armour
 o - 2 scrolls of noise {unknown}
 y - a scroll of silence {unknown}
 z - a scroll of magic mapping
 H - a scroll of enchant weapon {unknown}
 J - a scroll of summoning
 K - a scroll of immolation {unknown}
Potions
 c - 2 potions of resistance
 d - 8 potions of curing {unknown}
 n - 5 potions of flight {unknown}
 p - 3 potions of attraction
 q - 3 potions of lignification
 r - a potion of haste
 s - a potion of cancellation
 t - a potion of might
 u - a potion of heal wounds
 v - 2 potions of invisibility
 E - 2 potions of berserk rage
 I - a potion of mutation


   Skills:
 - Level 10.0 Fighting
 + Level 15.1 Maces & Flails
 - Level 7.7 Armour
 - Level 1.7 Dodging


You had 11 spell levels left.
You didn't know any spells.
Your spell library was empty.

Dungeon Overview and Level Annotations

Branches:
Dungeon (13/15)            Temple (0/1) D:7            Lair (0/6) D:9
    Orc (0/2) D:9         Ossuary (visited)
 Vaults: D:13-14

Altars:
Gozag
Hepliaklqana
Trog
Xom
Yredelemnul

Shops:
D:1 !   D:3 =   D:4 (   D:10 (


Innate Abilities, Weirdness & Mutations

You have hoof-like feet.
You are mostly covered in icy blue scales. (AC +3)
You regenerate a lot of health from kills.


Message History

Your Maces & Flails skill increases to level 15!
Found 19 gold pieces.
You recover from your berserk rage.
A red film seems to cover your vision as you go berserk!
You feel yourself moving faster!
You feel mighty!
You are too injured to fight recklessly!
You are too injured to fight recklessly!
You are too injured to fight recklessly!
You feel a strong urge to attack something.
The cyclops barely misses you.
You sock the cyclops! You burn the cyclops.
The cyclops is heavily wounded.
You bludgeon the cyclops!! You burn the cyclops!
You kill the cyclops!
Trog accepts your kill.
Things that are here:
4 large rocks; a cyclops corpse You feel a strong urge to attack something.
You are no longer berserk.
You are exhausted.
You feel yourself slow down.
There is a large open door here.
Found 13 arrows.
The deep troll earth mage shouts!
You open the large door.
A komodo dragon and a cyclops come into view.
The cyclops shouts!
The komodo dragon hisses angrily.
There are monsters nearby!
There are monsters nearby!
Unknown command.
There is a large open door here.
The komodo dragon bites you!! The komodo dragon barely misses you.
As you read the scroll of teleportation, it crumbles to dust.
You feel strangely unstable. The komodo dragon bites you!!
* * * LOW HITPOINT WARNING * * *
The komodo dragon barely misses you.
You feel yourself speed up. The komodo dragon bites you!
You die...

.... +...# ......
#..#####'##########..... #+
#''#......##......#.#..#
##..###..##.....##......#.....
#.!!.#....#'######......#.....
#.$(T#....#......#...<..#.....
##..###..##.###..#......#.....
##########''##......#......'.....
...............l@...#......#.....
.##..###.......C....#......#.####
.(..(.........†.....######.#.....
.#####....########### #.####..
.......#.# ... #.. .≈≈≈≈≈...# ...
#.# ≈.≈≈≈≈≈.### ### #.. ≈.≈≈≈≈≈.#
### ≈.≈≈≈≈≈.#


You could see a cyclops and a komodo dragon.

Vanquished Creatures
  Fannar (D:11)
  Josephine (D:11)
  A hydra (D:13)
  A boulder beetle (D:12)
  2 two-headed ogres
  A death knight (D:11)
  Sonja (D:11)
  Pikel (D:5)
  3 cyclopes
  3 manticores
  A gargoyle (D:13)
  An unseen horror (D:11)
  3 freezing wraiths (D:11)
  A hornet (D:8)
  3 trolls
  Grinder (D:4)
  6 slime creatures (D:12)
  Sigmund (D:5)
  5 wraiths
  2 shadows
  18 yaks
  A wyvern (D:9)
  2 steam dragons
  3 vampire mosquitoes (D:13)
  Menkaure (D:7)
  Edmund (D:5)
  An acid dragon (D:9)
  2 water moccasins
  Duvessa (D:5)
  8 orc warriors
  A sky beast (D:7)
  5 centaurs
  A lemure (D:5)
  2 kobold brigands
  A gnoll sergeant (D:11)
  Blork the orc (D:6)
  3 bullfrogs
  An elf skeleton (D:4)
  2 scorpions (D:5)
  A water moccasin zombie (D:6)
  Dowan (D:5)
  7 wights
  17 killer bees
  An electric eel (D:13)
  A howler monkey (D:4)
  2 centaur zombies
  A gnoll shaman (D:8)
  A hound (D:5)
  8 orc priests
  2 jellies (D:7)
  2 human zombies (D:4)
  A human skeleton (D:4)
  7 orc wizards
  A killer bee zombie (D:8)
  A hound skeleton (D:4)
  A mummy (Ossuary)
  8 adders
  4 gnolls (D:11)
  A howler monkey skeleton (D:7)
  A shadow imp (D:7)
  2 white imps (D:6)
  An adder skeleton (D:5)
  2 worms
  56 orcs
  A spectral bat (Ossuary)
  4 ball pythons
  5 bats
  4 endoplasms
  2 giant cockroaches (D:1)
  12 gnoll zombies (Ossuary)
  7 goblins
  6 hobgoblins
  12 jackals
  A quokka (D:3)
  2 bat simulacra (Ossuary)
  3 frilled lizards
  A goblin simulacrum (Ossuary)
  5 goblin zombies (Ossuary)
  5 hobgoblin zombies (Ossuary)
  16 kobolds
  4 kobold simulacra (Ossuary)
  2 kobold zombies (Ossuary)
  An orc skeleton (D:4)
  7 orc zombies
  3 rats
  3 rat simulacra (Ossuary)
  2 spectral goblins (Ossuary)
  2 spectral kobolds (Ossuary)
  4 spectral rats (Ossuary)
338 creatures vanquished.

Vanquished Creatures (others)
  6 plants (D:2)
6 creatures vanquished.

Grand Total: 344 creatures vanquished

Notes
Turn   | Place    | Note
-------+----------+-------------------------------------------
     0 | D:1      | SnakkuSnakku7 the Demonspawn Berserker began the quest for
                  | the Orb.
     0 | D:1      | Reached XP level 1. HP: 18/18 MP: 1/1
   362 | D:1      | Found Modayqoz's Distillery.
   454 | D:1      | Reached skill level 3 in Maces & Flails
   454 | D:1      | Gained mutation: You are partially covered in icy blue
                  | scales. (AC +2) [demonic ancestry]
   454 | D:1      | Reached XP level 2. HP: 24/24 MP: 2/2
   902 | D:2      | Reached XP level 3. HP: 29/29 MP: 3/3
   927 | D:2      | Reached ** piety under Trog
  1297 | D:2      | Gained mutation: You regenerate a little health from kills.
                  | [demonic ancestry]
  1297 | D:2      | Reached XP level 4. HP: 30/37 MP: 4/4
  2080 | D:3      | Found Ittuquem's Jewellery Emporium.
  2276 | D:3      | Reached skill level 4 in Maces & Flails
  2317 | D:3      | Reached *** piety under Trog
  2822 | D:4      | Found Poitel's Antique Weapon Shop.
  2836 | D:4      | Gained mutation: You have large cloven feet. [demonic
                  | ancestry]
  2836 | D:4      | Reached XP level 5. HP: 43/43 MP: 5/5
  3129 | D:4      | Reached skill level 5 in Fighting
  3152 | D:4      | Found a sand-covered staircase.
  3162 | D:4      | Reached skill level 5 in Maces & Flails
  3162 | D:4      | Gained mutation: You regenerate health from kills. [demonic
                  | ancestry]
  3162 | D:4      | Reached XP level 6. HP: 37/51 MP: 6/6
  3199 | Ossuary  | Entered an ossuary
  3312 | Ossuary  | Reached **** piety under Trog
  3740 | D:4      | Noticed Grinder
  3746 | D:4      | Killed Grinder
  3747 | D:4      | Reached skill level 6 in Maces & Flails
  3747 | D:4      | Gained mutation: You regenerate a lot of health from kills.
                  | [demonic ancestry]
  3747 | D:4      | Reached XP level 7. HP: 56/56 MP: 7/7
  3858 | D:5      | Entered Level 5 of the Dungeon
  3923 | D:5      | Reached skill level 7 in Maces & Flails
  3954 | D:5      | Noticed Duvessa
  3955 | D:5      | Noticed Dowan
  3966 | D:5      | Killed Duvessa
  3973 | D:5      | Killed Dowan
  4040 | D:5      | Noticed Pikel
  4055 | D:5      | Killed Pikel
  4056 | D:5      | Reached skill level 9 in Maces & Flails
  4056 | D:5      | Gained mutation: You have hoof-like feet. [demonic
                  | ancestry]
  4056 | D:5      | Reached XP level 8. HP: 62/62 MP: 8/8
  4146 | D:5      | Noticed Sigmund
  4161 | D:5      | Killed Sigmund
  4169 | D:5      | Noticed Edmund
  4184 | D:5      | Killed Edmund
  4185 | D:5      | Reached skill level 10 in Maces & Flails
  4493 | D:6      | Noticed Blork the orc
  4501 | D:6      | Killed Blork the orc
  4680 | D:6      | You fall into a shaft and drop 1 floor!
  4777 | D:7      | Gained mutation: You are mostly covered in icy blue scales.
                  | (AC +3) [demonic ancestry]
  4777 | D:7      | Reached XP level 9. HP: 68/68 MP: 9/9
  5199 | D:7      | Noticed Menkaure
  5205 | D:7      | Killed Menkaure
  5215 | D:7      | Found a staircase to the Ecumenical Temple.
  5287 | D:7      | Reached skill level 11 in Maces & Flails
  5469 | D:7      | Reached ***** piety under Trog
  5559 | D:7      | Found a shimmering altar of Xom.
  5704 | D:7      | Found a bloodstained altar of Trog.
  6001 | D:8      | Reached skill level 12 in Maces & Flails
  6275 | D:8      | Paralysed by a centaur for 5 turns
  6349 | D:8      | Reached XP level 10. HP: 59/74 MP: 10/10
  6422 | D:8      | Reached skill level 13 in Maces & Flails
  6508 | D:8      | Found an opulent altar of Gozag.
  6854 | D:9      | Found a staircase to the Lair.
  6980 | D:9      | Found a basalt altar of Yredelemnul.
  7058 | D:9      | Found a staircase to the Orcish Mines.
  7236 | D:9      | Found a hazy altar of Hepliaklqana.
  7312 | D:9      | Reached skill level 14 in Maces & Flails
  7749 | D:10     | Entered Level 10 of the Dungeon
  7917 | D:10     | Reached XP level 11. HP: 55/84 MP: 11/11
  8066 | D:10     | Found Morir's Weapon Boutique.
  8196 | D:10     | Noticed a two-headed ogre
  8205 | D:10     | Killed a two-headed ogre
  8547 | D:11     | Noticed Sonja
  8552 | D:11     | Killed Sonja
  8580 | D:11     | Reached ****** piety under Trog
  8603 | D:11     | Noticed a death knight
  8628 | D:11     | Killed a death knight
  8634 | D:11     | Reached skill level 10 in Fighting
  8680 | D:11     | Noticed Fannar
  8827 | D:11     | Killed Fannar
  9004 | D:11     | Reached skill level 5 in Armour
  9004 | D:11     | Noticed Josephine
  9012 | D:11     | Killed Josephine
  9400 | D:12     | Noticed a two-headed ogre
  9422 | D:12     | Killed a two-headed ogre
  9433 | D:12     | Reached XP level 12. HP: 80/97 MP: 12/12
  9551 | D:12     | Noticed a boulder beetle
  9562 | D:12     | Killed a boulder beetle
  9562 | D:12     | Received a gift from Trog
  9896 | D:12     | Found Jimiuc's General Store.
 10025 | D:13     | Noticed a death knight
 10234 | D:13     | Noticed a four-headed hydra
 10245 | D:13     | Killed a four-headed hydra
 10280 | D:13     | Reached skill level 15 in Maces & Flails
 10308 | D:13     | Noticed a deep troll earth mage
 10322 | D:13     | Slain by a komodo dragon

Illustrated notes

Levels and vault maps discovered:
D:1:      minmay_arrival_widening_spiral_narrow, layout_basic, serial_shops,
          shop_statue, minmay_misc_feat_nine_boxes, kennysheep_doodads,
          hangedman_feature_mirror, st_stairs_2, minmay_misc_feat_square,
          chequers_mini_garden, minivault_27
D:2:      layout_basic, serial_bayou, serial_bayou_lake_a, serial_bayou_shore_a,
          serial_bayou_pond_a, serial_bayou_pond_d
D:3:      layout_loops_corners, serial_shops, nicolae_shop_waterfront,
          grunt_ministairs_12
D:4:      layout_loops_cross, serial_shops, nicolae_inconvenience_store,
          nicolae_ossuary_entry_catacombs, uniq_grinder
D:5:      layout_rooms, bh_walls_and_bars, uniq_pikel, uniq_sigmund,
          uniq_duvessa, uniq_edmund
D:6:      layout_loops_ring, uniq_blork_the_orc
D:7:      layout_loops_corners, nicolae_overflow_hidden_temple, tgw_xom,
          minmay_temple_entry_mini_moons, uniq_menkaure
D:8:      layout_loops_ring, marbit_many_paths, wad_floor_pattern_untrapped
D:9:      layout_roguey, lemuel_crystal_altar, nicolae_overflow_crystal_walls,
          lair_entry_dummy, hiddenorc2_lemuel, water_boxes_lemuel
D:10:     layout_irregular_city, serial_shops, kennysheep_little_box
D:11:     layout_gridville, uniq_sonja, uniq_fannar, uniq_josephine
D:12:     layout_roguey, serial_shops, kennysheep_mini, grunt_ministairs_11
D:13:     layout_stronghold, minivault_14, kennysheep_four_rooms

Skill      XL: |  1  2  3  4  5  6  7  8  9 10 11 12 |
---------------+-------------------------------------+-----
Maces & Flails | 3 4 5 6 9 10 12 14 15 | 15.1
Fighting       | 4 5 7 10 | 10.0
Armour         | 7 |  7.7
Dodging        | |  1.7

Action                   |  1- 3 |  4- 6 |  7- 9 | 10-12 || total
-------------------------+-------+-------+-------+-------++-------
Melee: Mace              |   136 |    39 |       |       ||   175
       Flail             |       |   201 |    45 |       ||   246
       Kick              |       |    77 |    86 |    21 ||   184
       Unarmed           |       |       |     6 |       ||     6
       Whip              |       |       |   210 |   566 ||   776
       Great mace        |       |       |       |    80 ||    80
Throw: Dart              |       |       |       |     2 ||     2
Invok: Berserk           |     3 |     2 |     5 |    17 ||    27
       Trog's Hand       |       |       |       |     2 ||     2
Evoke: Wand              |       |       |       |     3 ||     3
  Use: Scroll            |       |       |       |    19 ||    19
 Stab: Sleeping          |     2 |     1 |       |       ||     3
       Confused          |       |       |     1 |       ||     1
       Paralysed         |       |       |       |     2 ||     2
Armor: Animal skin       |    53 |    19 |       |       ||    72
       Ring mail         |       |    66 |       |       ||    66
       Scale mail        |       |       |    73 |   298 ||   371
       Skin              |       |       |     1 |       ||     1
Dodge: Dodged            |   116 |   133 |    74 |   277 ||   600
